 Dungeon Crawl Stone Soup version 0.28-a0-401-ge240ad9e29 (webtiles) character file.

Game seed: 7230313759314240560

2068 mg7810 the Bolt Thrower (level 9, 0/72 HPs)
             Began as a Minotaur Hunter on Sept 4, 2021.
             Was a Follower of Makhleb.
             Succumbed to a gnoll sergeant's poison
             ... on level 7 of the Dungeon.
             The game lasted 00:34:13 (7538 turns).

mg7810 the Bolt Thrower (Minotaur Hunter)           Turns: 7538, Time: 00:34:14

Health: 0/72       AC: 13    Str: 17    XL:     9   Next: 5%
Magic:  10/10      EV: 11    Int:  8    God:    Makhleb [*.....]
Gold:   1233       SH:  0    Dex: 14    Spells: 8/8 levels left

rFire   . . .      SeeInvis .   o - +0 shortbow
rCold   . . .      Faith    .   (shield currently unavailable)
rNeg    . . .      Spirit   .   s - +0 scale mail
rPois   .          Reflect  .   (helmet restricted)
rElec   .          Harm     .   i - +0 cloak
rCorr   .          Rampage  .   t - +2 pair of gloves {archery}
Will    .....                   n - +0 pair of boots
Stlth   ..........              (no amulet)
HPRegen 0.22/turn               (no ring)
MPRegen 0.12/turn               (no ring)

@: brilliant, lethally poisoned (0 -> -5), hasted, very quick
A: horns 2, retaliatory headbutt
a: Renounce Religion


You were on level 7 of the Dungeon.
You worshipped Makhleb.
Makhleb was aware of your devotion.
You visited 2 branches of the dungeon, and saw 8 of its levels.
You also visited: Sewer.

You collected 1233 gold pieces.

Inventory:

Hand Weapons
 a - a +2 hand crossbow
 k - a +1 short sword of protection
 o - a +0 shortbow (weapon)
Missiles
 d - 4 bolts
 r - 32 poisoned darts
 u - 45 arrows (quivered ammo)
Armour
 i - a +0 cloak (worn)
 n - a +0 pair of boots (worn)
 s - a +0 scale mail (worn)
 t - a +2 pair of gloves of archery (worn)
Wands
 p - a wand of acid (2)
 v - a wand of polymorph (8)
Scrolls
 b - a scroll of identify
 f - 3 scrolls of teleportation
 g - 2 scrolls of enchant armour {unknown}
 h - a scroll of blinking {unknown}
 m - 3 scrolls of enchant weapon
 q - a scroll of amnesia {unknown}
Potions
 c - 3 potions of flight
 e - a potion of brilliance
 j - a potion of cancellation
 l - 3 potions of haste


   Skills:
 + Level 4.6 Fighting
 + Level 3.4 Short Blades
 * Level 3.6 Bows
 + Level 7.0 Crossbows
 - Level 1.5 Throwing
 * Level 5.9 Armour
 + Level 3.2 Dodging
 - Level 1.1 Stealth
 + Level 4.3 Unarmed Combat
 + Level 3.0 Invocations
 + Level 3.1 Evocations


You had 8 spell levels left.
You didn't know any spells.
Your spell library contained the following spells:

 Spells                   Type           Power      Damage    Failure   Level
 Animate Skeleton         Necr           0%         N/A       78%         1
 Apportation              Tloc           0%         N/A       78%         1
 Magic Dart               Conj           0%         1d3       78%         1
 Pain                     Necr           0%         1d4       78%         1
 Call Imp                 Summ           0%         N/A       89%         2
 Gell's Gravitas          Tloc           0%         N/A       98%         3
 Lesser Beckoning         Tloc           0%         N/A       98%         3
 Mephitic Cloud           Conj/Pois/Air  0%         N/A       98%         3
 Teleport Other           Tloc           0%         N/A       98%         3
 Vampiric Draining        Necr           0%         2d6       98%         3
 Alistair's Intoxication  Tmut/Pois      0%         N/A       100%        5
 Dispersal                Tloc           0%         N/A       100%        6
 Invisibility             Hex            0%         N/A       100%        6


Dungeon Overview and Level Annotations

Branches:
Dungeon (7/15)             Temple (1/1) D:5           Sewer (visited)

Altars:
Ashenzari
Dithmenos
Elyvilon
Fedhas
Gozag
Hepliaklqana
Kikubaaqudgha
Makhleb
Nemelex Xobeh
Okawaru
Qazlal
Ru
Trog
Vehumet
Wu Jian
Xom
Yredelemnul
Zin
The Shining One

Shops:
D:5 *   D:6 *


Innate Abilities, Weirdness & Mutations

You have a pair of horns on your head.
You reflexively headbutt those who attack you in melee.


Message History

Fire: 46 arrows
Press: ? - help, Q - select action, (/) - cycle Shift-Dir - straight line, f/p - gnoll sergeant
Aim: a gnoll sergeant, wielding a +2 spear of venom and wearing a +0 ring mail (moderately wounded, very poisoned, 72% to hit)
You shoot an arrow.
The arrow closely misses the gnoll sergeant.
You feel very sick.
The gnoll sergeant hits you but does no damage.
You are more poisoned.
It was a potion of brilliance.
You feel clever all of a sudden.
You feel very sick.
The gnoll sergeant hits you from afar with a +2 spear of venom!
You are lethally poisoned!
You feel extremely sick.
As you read the scroll of teleportation, it crumbles to dust.
You feel strangely unstable.
* * * LOW HITPOINT WARNING * * *
You feel very sick. The gnoll sergeant barely misses you.
* * * LOW HITPOINT WARNING * * *
You feel very sick.
* * * LOW HITPOINT WARNING * * *
You feel very sick.
* * * LOW HITPOINT WARNING * * *
You feel very sick.
Your surroundings suddenly seem different.
* * * LOW HITPOINT WARNING * * *
You feel sick.
There is a stone staircase leading down here.
You feel yourself speed up.
* * * LOW HITPOINT WARNING * * *
You feel sick.
* * * LOW HITPOINT WARNING * * *
You feel sick.
You climb downwards.
* * * LOW HITPOINT WARNING * * *
You feel sick.
Found 19 stones.
There is a stone staircase leading up here.
You die...

.. #####
###..
##...##.....
##..........#
#............
#............
#............
#..<@..(....
##...##...##
##### ##


There were no monsters in sight!

Vanquished Creatures
  Sigmund (D:6)
  A water moccasin (D:6)
  A sky beast (D:5)
  2 ice beasts
  A black bear (D:5)
  A necrophage (D:6)
  3 centaurs
  An ogre (D:5)
  A phantom (D:5)
  A kobold brigand (D:6)
  A gnoll sergeant (D:6)
  2 wyvern zombies (D:6)
  A scorpion (D:4)
  2 howler monkeys
  An orc priest (D:6)
  A jelly (D:5)
  Ijyb (D:3)
  A scorpion zombie (D:5)
  3 iguanas
  An orc wizard (D:6)
  10 gnolls
  A river rat (D:3)
  11 adders
  A white imp (D:5)
  An ufetubus (D:5)
  7 worms
  4 dart slugs
  8 orcs
  11 ball pythons
  6 endoplasms
  8 giant cockroaches
  5 goblins
  8 hobgoblins
  8 jackals
  8 quokkas
  15 bats
  3 frilled lizards
  9 kobolds
  4 rats
155 creatures vanquished.

Notes
Turn   | Place    | Note
-------+----------+-------------------------------------------
     0 | D:1      | mg7810 the Minotaur Hunter began the quest for the Orb.
     0 | D:1      | Reached XP level 1. HP: 18/18 MP: 0/0
   212 | D:1      | Reached skill level 1 in Armour
   212 | D:1      | Reached XP level 2. HP: 25/25 MP: 1/1
   387 | D:1      | Reached skill level 1 in Stealth
   420 | D:1      | Reached skill level 5 in Crossbows
   442 | D:1      | Reached XP level 3. HP: 30/30 MP: 2/2
  1488 | D:2      | Reached XP level 4. HP: 37/37 MP: 3/3
  1879 | D:3      | Identified a scroll of acquirement
  1879 | D:3      | Acquired 924 gold pieces
  1935 | D:3      | Reached skill level 1 in Unarmed Combat
  2006 | D:3      | Found a glowing drain.
  2014 | D:3      | Reached XP level 5. HP: 37/44 MP: 4/4
  2039 | Sewer    | Entered a sewer
  2962 | D:3      | Reached skill level 6 in Crossbows
  2980 | D:3      | Noticed Ijyb
  3007 | D:3      | Killed Ijyb
  3924 | D:4      | Reached skill level 1 in Short Blades
  3924 | D:4      | Reached XP level 6. HP: 51/51 MP: 5/5
  4115 | D:4      | Found a burning altar of Makhleb.
  4546 | D:4      | Found a shimmering altar of Xom.
  4657 | D:4      | Became a worshipper of Makhleb the Destroyer
  4670 | D:5      | Entered Level 5 of the Dungeon
  4679 | D:5      | Noticed an ice beast
  4684 | D:5      | Killed an ice beast
  4744 | D:5      | Reached skill level 1 in Evocations
  4883 | D:5      | Found an opulent altar of Gozag.
  4884 | D:5      | Found Gozag's Platinum Reserve.
  4889 | D:5      | Acquired a +2 pair of gloves of archery
  4929 | D:5      | Reached skill level 1 in Invocations
  4929 | D:5      | Reached XP level 7. HP: 32/57 MP: 6/6
  5109 | D:5      | Found a staircase to the Ecumenical Temple.
  5567 | Temple   | Entered the Ecumenical Temple
  5926 | D:6      | Reached skill level 7 in Crossbows
  5926 | D:6      | Reached XP level 8. HP: 47/66 MP: 8/8
  6076 | D:6      | Reached skill level 5 in Armour
  6089 | D:6      | Found Itetifepex's Gadget Gallery.
  6730 | D:6      | Reached skill level 1 in Bows
  7045 | D:6      | Found a hazy altar of Hepliaklqana.
  7061 | D:6      | Reached skill level 1 in Throwing
  7152 | D:6      | Reached * piety under Makhleb
  7431 | D:6      | Noticed Sigmund
  7440 | D:6      | Killed Sigmund
  7441 | D:6      | Reached XP level 9. HP: 63/72 MP: 10/10
  7535 | D:6      | HP: 3/72 [poisoned by a gnoll sergeant]
  7537 | D:7      | HP: 1/72 [poisoned by a gnoll sergeant]
  7538 | D:7      | Succumbed to a gnoll sergeant's poison

Illustrated notes

Levels and vault maps discovered:
D:1:      psy_arrival_dodecagon, layout_basic, minmay_unequal
D:2:      layout_loops_cross, minmay_tromino_i2
D:3:      layout_loops_ring, serial_rivers, chequers_serial_rivers_room_b,
          chequers_serial_rivers_large_b, chequers_serial_rivers_small_3,
          chequers_serial_rivers_micro_b, chequers_serial_rivers_marsh,
          gup_sewer_entry_bubbles, uniq_ijyb
D:4:      layout_loops_ring, mainiacjoe_overflow_24_doors,
          mainiacjoe_overflow_alcove_4
D:5:      layout_gridville, nicolae_gozag_zags_fifth_avenue,
          minmay_temple_entry_slanted
D:6:      layout_rooms, mainiacjoe_overflow_paths, nrook_mini_vaults,
          hex_medium, nicolae_shop_gadgets, uniq_sigmund
D:7:      layout_rooms, grunt_ministairs_12, kb_rosetta
Temple:   regret_index_temple_waves

Skill      XL: |  1  2  3  4  5  6  7  8 |
---------------+-------------------------+-----
Armour         | 1 2 3 4 5 |  5.9
Stealth        | 1 |  1.1
Crossbows      | 5 6 7 |  7.0
Unarmed Combat | 1 2 3 4 |  4.3
Fighting       | 3 4 |  4.6
Short Blades   | 1 2 3 |  3.4
Evocations     | 1 3 |  3.1
Invocations    | 1 2 3 |  3.0
Dodging        | 3 |  3.2
Bows           | 3 |  3.6
Throwing       | 1 |  1.5

Action                   |  1- 3 |  4- 6 |  7- 9 || total
-------------------------+-------+-------+-------++-------
Melee: Short sword       |       |   122 |   107 ||   229
       Headbutt          |       |    21 |    22 ||    43
 Fire: Hand crossbow     |    76 |   104 |     8 ||   188
       Shortbow          |       |       |    70 ||    70
Throw: Dart              |       |       |    25 ||    25
Evoke: Wand              |       |       |     8 ||     8
  Use: Scroll            |       |     7 |     3 ||    10
       Potion            |       |     1 |     5 ||     6
Armor: Ring mail         |    15 |    48 |       ||    63
       Scale mail        |       |    10 |   105 ||   115
Dodge: Dodged            |    22 |    74 |    94 ||   190

Table legend: (Time is in decaauts)
 A = Elapsed time spent in this place.
 B = Non-inter-level travel time spent in this place.
 C = Inter-level travel time spent in this place.
 D = Time resting spent in this place.
 E = Time spent auto-exploring this place.
 F = Levels seen in this place.
 G = Mean time per level.
                   A        B        C        D        E       F      G
               +--------+--------+--------+--------+--------+-----+--------+
         Total |   7812 |   7525 |    287 |    258 |   5608 |   9 |  868.0 |
       Dungeon |   6556 |   6341 |    215 |    258 |   4680 |   7 |  936.6 |
        Temple |    284 |    213 |     71 |      0 |    195 |   1 |  284.0 |
         Sewer |    972 |    972 |      0 |      0 |    732 |   1 |  972.0 |
               +--------+--------+--------+--------+--------+-----+--------+

Top non-repeatable levels by time:
     D:5: 1434 daAuts
     D:3: 1300 daAuts
     D:6: 1146 daAuts
   Sewer: 972 daAuts
     D:2: 966 daAuts
     D:1: 930 daAuts
     D:4: 777 daAuts
  Temple: 284 daAuts
     D:7: 0 daAuts
